 Dungeon Crawl Stone Soup version 0.30-a0-6-g7c9e10e132 (console) character file.

Game seed: 2854032888576808678

221 odiv the Grasshopper (level 5, -1/43 HPs)
             Began as a Palentonga Warper on Aug 22, 2022.
             Was an Initiate of Okawaru.
             Slain by an ogre
             ... wielding a +0 giant spiked club
              (15 damage)
             ... on level 5 of the Dungeon.
             The game lasted 00:16:06 (4198 turns).

odiv the Grasshopper (Palentonga Warper)            Turns: 4198, Time: 00:16:07

Health: -1/43      AC:  5    Str: 17      XL:     5   Next: 65%
Magic:  16/18      EV:  9    Int: 15      God:    Okawaru [......]
Gold:   48         SH:  0    Dex:  8 (9)  Spells: 7/10 levels left

rFire   . . .      SeeInvis +    a - +1 mace
rCold   . . .      Faith    .    (no shield)
rNeg    . . .      Spirit   .    b - +0 leather armour
rPois   .          Reflect  .    (no helmet)
rElec   .          Harm     .    (no cloak)
rCorr   .          Rampage  .    i - +0 pair of gloves
Will    .....                    (no barding)
Stlth   +.........               (no amulet)
HPRegen 0.14/turn                h - ring of magical power
MPRegen 0.16/turn                (no ring)

@: on blink cooldown
A: large, rugged brown scales 3, see invisible, deformed body, roll 1, armoured
tail
a: Rolling Charge, Renounce Religion


You were on level 5 of the Dungeon.
You worshipped Okawaru.
Okawaru was noncommittal.
You visited 2 branches of the dungeon, and saw 6 of its levels.

You collected 278 gold pieces.
You spent 230 gold pieces at shops.

Inventory:

Hand Weapons
 a - a +1 mace (weapon)
 c - a +0 flail
Missiles
 d - 6 boomerangs of dispersal
 k - 36 stones (quivered)
 w - 9 javelins
Armour
 b - a +0 leather armour (worn)
 i - a +0 pair of gloves (worn)
Jewellery
 h - a ring of magical power (left hand)
 u - an amulet of faith
Wands
 m - a wand of mindburst (3)
 r - a wand of flame (9)
Scrolls
 e - a scroll of blinking
 f - a scroll of enchant weapon
 l - a scroll of enchant armour {unknown}
 n - 2 scrolls of noise {unknown}
 o - a scroll of identify {unknown}
 p - a scroll of torment {unknown}
 q - a scroll of poison {unknown}
 v - a scroll of magic mapping {unknown}
Potions
 g - 2 potions of might
 j - a potion of ambrosia {unknown}
 s - 2 potions of curing {unknown}
 t - 2 potions of flight {unknown}
 x - a potion of haste {unknown}


   Skills:
 + Level 3.1 Fighting
 - Level 2.0 Maces & Flails
 - Level 0.6 Throwing
 - Level 0.7 Armour
 + Level 2.2 Dodging
 - Level 3.0 Spellcasting
 + Level 4.5 Translocations
 + Level 1.4 Transmutations


You had 7 spell levels left.
You knew the following spells:

 Your Spells              Type           Power      Damage    Failure   Level
a - Beastly Appendage     Tmut           12%        N/A       13%         1
b - Blink                 Tloc           30%        N/A       5%          2

Your spell library contained the following spells:

 Spells                   Type           Power      Damage    Failure   Level
 Gell's Gravitas          Tloc           15%        N/A       11%         3
 Lesser Beckoning         Tloc           15%        N/A       11%         3
 Teleport Other           Tloc           15%        N/A       11%         3
 Wereblood                Tmut           6%         N/A       21%         2
 Spider Form              Tmut/Pois      4%         N/A       47%         3
 Manifold Assault         Tloc           15%        N/A       71%         5


Dungeon Overview and Level Annotations

Branches:
Dungeon (5/15)             Temple (1/1) D:4

Altars:
Ashenzari
Cheibriados
Elyvilon
Fedhas
Nemelex Xobeh
Okawaru
Ru
Uskayaw
Wu Jian
Zin

Shops:
D:3 *

Annotations:
D:2 Natasha
D:4 Grinder
D:5 Menkaure


Innate Abilities, Weirdness & Mutations

You are completely covered in rugged brown scales. (AC +3, +7% HP)
You have supernaturally acute eyesight. (SInv)
Armour fits poorly on your strangely shaped body.
You can roll at nearby foes to attack.
You have a long armoured tail.


Message History

The grasping roots grab you! The grasping roots constrict you.
You escape the roots grasp.
Grinder blinks!
There is a stone staircase leading up here.
You climb upwards.
There is a stone staircase leading down here.
You start resting.
HP restored.
There is a stone staircase leading up here.
There is a stone staircase leading down here.
You climb downwards.
Level annotation: Grinder
There is a stone staircase leading up here.
There is a stone staircase leading down here.
You climb downwards.
There is a stone staircase leading up here.
Menkaure, Prince of Dust comes into view.
Menkaure shouts!
Roll where?
Press: ? - help, Dir - move target, f - Menkaure
Aim: Menkaure You roll forward with a clatter of scales!
An ogre comes into view. It is wielding a +0 giant spiked club.
You hit Menkaure but do no damage. Menkaure hits you.
Unknown command.
Aiming: Throw Flame
Press: ? - help, Shift-Dir - straight line, f/p - Menkaure
Aim: Menkaure (85% to hit)
The puff of flame hits Menkaure.
Menkaure is burned terribly!
Menkaure is lightly damaged.
Menkaure rustles in an indecipherable tongue.
Menkaure hits you!!
Okay, then.
Casting: Blink (safe; 5% risk of failure)
Confirm with . or Enter, or press ? or * to list all spells.
You blink.
Menkaure gestures at you while chanting.
Pain shoots through your body!
The ogre hits you with a +0 giant spiked club!
You die...

#.# #.# ### #.# #.. #.#
#.# #.# #.#
################...
#.####..........@.......
#.##.........§M.O.......
#.##.#..................
#....################...
####..<# #.# .. #####
#.# . #.# #.# #.#


You could see an ogre and Menkaure.

Vanquished Creatures
  A scorpion (D:4)
  An orc wizard (D:4)
  5 adders
  An ufetubus (D:4)
  2 dart slugs
  8 orcs
  10 ball pythons
  5 bats
  5 endoplasms
  4 giant cockroaches
  4 hobgoblins
  2 jackals (D:2)
  7 kobolds
  5 quokkas
  4 frilled lizards (D:1)
  9 goblins
  4 rats
77 creatures vanquished.

Vanquished Creatures (others)
  4 plants (D:2)
4 creatures vanquished.

Grand Total: 81 creatures vanquished

Notes
Turn   | Place    | Note
-------+----------+-------------------------------------------
     0 | D:1      | odiv the Palentonga Warper began the quest for the Orb.
     0 | D:1      | Reached XP level 1. HP: 17/17 MP: 3/3
   258 | D:1      | Reached XP level 2. HP: 23/23 MP: 5/5
   377 | D:1      | Learned a level 2 spell: Blink
   656 | D:1      | Reached skill level 4 in Translocations
   825 | D:1      | Reached XP level 3. HP: 28/28 MP: 6/6
   870 | D:1      | You fall into a shaft and drop 1 floor!
  1043 | D:2      | Noticed Natasha
  1515 | D:1      | Reached XP level 4. HP: 18/36 MP: 8/8
  1901 | D:3      | Found a white marble altar of Elyvilon.
  2261 | D:3      | Learned a level 1 spell: Beastly Appendage
  2415 | D:3      | Found a sacrificial altar of Ru.
  2550 | D:3      | Found Siali's Assorted Antiques.
  2553 | D:3      | Bought a twisted copper wand for 92 gold pieces
  2553 | D:3      | Bought a scroll labelled KIENUPTUEL for 23 gold pieces
  2553 | D:3      | Bought a scroll labelled RUCLAE PIMP for 23 gold pieces
  2553 | D:3      | Bought a gold wand for 92 gold pieces
  2812 | D:4      | Found a broken altar of Ashenzari.
  2812 | D:4      | Found a sparkling altar of Nemelex Xobeh.
  2990 | D:4      | Reached skill level 1 in Transmutations
  2990 | D:4      | Reached XP level 5. HP: 28/42 MP: 9/9
  3608 | D:4      | Found a staircase to the Ecumenical Temple.
  3617 | Temple   | Entered the Ecumenical Temple
  3627 | Temple   | Became a worshipper of Warmaster Okawaru
  3717 | D:4      | Noticed Grinder
  3724 | D:4      | Paralysed by Grinder for 5 turns
  3955 | D:5      | Entered Level 5 of the Dungeon
  3955 | D:5      | Noticed a black bear
  4192 | D:5      | Noticed Menkaure
  4194 | D:5      | Noticed an ogre
  4198 | D:5      | Slain by an ogre

Illustrated notes

Levels and vault maps discovered:
D:1:      scummos_arrival_gate, layout_rooms
D:2:      layout_basic, serial_park_tiny_1, corexii_shack, st_stairs_1,
          minmay_shallow_snake_nest, uniq_natasha
D:3:      layout_rooms, mainiacjoe_overflow_alcove_4, amcnicky_altar_gilded,
          serial_shops, nicolae_shop_window_shopping, chequers_arboretum
D:4:      wander_river, layout_basic, gammafunk_temple_overflow_pools,
          temple_hall, uniq_grinder
D:5:      layout_rooms, mainiacjoe_overflow_alcove_1, grunt_qazlal_sundering,
          gammafunk_ghost_cemetery, serial_co_window_serial, co_window_paths_a,
          co_window_paths_a, co_window_of_opportunity_a, co_window_corner_a,
          co_window_of_opportunity_a, co_window_unsneaky_path_a,
          co_window_corner_cb, co_window_broadway_b, co_window_unsneaky_path_b,
          co_window_2corner, co_window_corner_ca, co_window_2corner,
          glass_columns_c, serial_park_tiny_pond, due_unseen_surprise,
          uniq_menkaure
Temple:   chequers_temple_sunken

Skill      XL: |  1  2  3  4  5 |
---------------+----------------+-----
Translocations | 4 |  4.5
Spellcasting   | 3 |  3.0
Dodging        | 2 |  2.2
Transmutations | 1 |  1.4
Fighting       | 3 |  3.1
Maces & Flails | |  2.0
Throwing       | |  0.6
Armour         | |  0.7

Action                   |  1- 3 |  4- 6 || total
-------------------------+-------+-------++-------
Melee: Mace              |   111 |    83 ||   194
       Tailslap          |    14 |     4 ||    18
       Punch             |       |     2 ||     2
       Kick              |       |     1 ||     1
Throw: Stone             |     1 |     8 ||     9
       Boomerang         |     1 |       ||     1
 Cast: Blink             |     6 |     9 ||    15
       Beastly Appendage |       |     1 ||     1
 Abil: Rolling Charge    |    35 |    34 ||    69
Evoke: Wand              |       |     2 ||     2
  Use: Scroll            |     4 |       ||     4
       Potion            |     3 |       ||     3
Armor: Leather armour    |    43 |    34 ||    77
Dodge: Dodged            |    42 |    32 ||    74

Table legend: (Time is in decaauts)
 A = Elapsed time spent in this place.
 B = Non-inter-level travel time spent in this place.
 C = Inter-level travel time spent in this place.
 D = Time resting spent in this place.
 E = Time spent auto-exploring this place.
 F = Levels seen in this place.
 G = Mean time per level.
                   A        B        C        D        E       F      G
               +--------+--------+--------+--------+--------+-----+--------+
         Total |   4259 |   4133 |    126 |   1858 |   1294 |   6 |  709.8 |
       Dungeon |   4238 |   4121 |    117 |   1858 |   1294 |   5 |  847.6 |
        Temple |     20 |     11 |      9 |      0 |      0 |   1 |   20.0 |
               +--------+--------+--------+--------+--------+-----+--------+

Top non-repeatable levels by time:
     D:4: 1252 daAuts
     D:1: 1215 daAuts
     D:3: 1029 daAuts
     D:2: 719 daAuts
     D:5: 21 daAuts
  Temple: 20 daAuts
